 Dungeon Crawl Stone Soup version 0.21.1-1-g345015fe64 (webtiles) character file.

567 Henning the Covered (level 7, -2/91 HPs)
             Began as a Minotaur Fighter on June 19, 2018.
             Killed from afar by an orc wizard (7 damage)
             ... with a magic dart
             ... on level 5 of the Dungeon.
             The game lasted 00:10:18 (3023 turns).

Henning the Covered (Minotaur Fighter)              Turns: 3023, Time: 00:10:18

Health: -2/91      AC: 23    Str: 18 (21) XL:     7   Next: 11%
Magic:  6/6        EV:  2    Int:  3 (5)  God:
Gold:   337        SH:  0    Dex: 14 (16) Spells: 6/6 levels left

rFire    + . .     SeeInvis .   a - +1 war axe
rCold    x . .     Gourm    .   c - +0 shield
rNeg     + + +     Faith    .   (armour currently unavailable)
rPois    +         Spirit   .   (helmet currently unavailable)
rElec    .         Reflect  +   (cloak currently unavailable)
rCorr    .         Harm     .   (gloves currently unavailable)
MR       .....     NoTele   +   (boots currently unavailable)
Stlth    ++........             o - +3 amulet of reflection
HPRegen  0.65/turn              w - ring of fire
MPRegen  0.10/turn              (no ring)

@: confused, agile, tree-form, drained
A: (retaliatory headbutt), regeneration 1
a: no special abilities


You were on level 5 of the Dungeon.
You were hungry.
You were a tree.
You visited 1 branch of the dungeon, and saw 5 of its levels.
You also visited: Ossuary.

You collected 337 gold pieces.

Inventory:

Hand Weapons
 a - a +1 war axe (weapon)
Armour
 c - a +0 shield (worn)
 e - a cursed +0 chain mail (melded)
 j - a +0 pair of boots (melded)
Jewellery
 o - a +3 amulet of reflection (around neck)
 w - a ring of fire (left branch)
Scrolls
 k - a scroll of enchant weapon
 l - 2 scrolls of identify
Potions
 h - 3 potions of curing
 n - a potion of lignification
 q - a potion of degeneration
 v - a potion of ambrosia {unknown}
Books
 p - a book of Conjurations

   Spells                             Type                      Level
   a - Magic Dart                     Conjuration                  1
   b - Searing Ray                    Conjuration                  2
   c - Dazzling Spray                 Conjuration/Hexes            3
   d - Fulminant Prism                Conjuration/Hexes            4
   e - Force Lance                    Conjuration/Translocation    4
   f - Iskenderun's Mystic Blast      Conjuration                  4
Comestibles
 f - 5 rations
 x - 3 chunks of flesh


   Skills:
 + Level 5.4(4.8) Fighting
 + Level 4.7(4.1) Axes
 + Level 5.4(4.8) Armour
 + Level 3.4(2.8) Dodging
 + Level 5.4(4.8) Shields


You had 6 spell levels left.
You didn't know any spells.

Dungeon Overview and Level Annotations

Branches:
Dungeon (5/15)
 Temple: D:4-7

Altars:
Qazlal
Ru
Xom


Innate Abilities, Weirdness & Mutations

((You reflexively headbutt those who attack you in melee.))
((You have a pair of horns on your head.))
Your natural rate of healing is unusually fast.
((You are occasionally teleported next to monsters.))


Message History

You feel magically purged.
You feel less wooden.
Your +0 pair of boots unmelds from your body.
Your cursed +0 chain mail unmelds from your body.
You feel yourself slow down.
You feel a little less mighty now. You block the ice beast's attack.
You turn into a tree.
Your +0 pair of boots melds into your body.
Your cursed +0 chain mail melds into your body.
Your roots penetrate the ground.
The orc wizard gestures at you while chanting.
You are confused.
The orc priest looks satisfied for a moment.
The gnoll sergeant hits you but does no damage.
The ice beast hits you but does no damage.
It was a potion of agility.
You feel agile all of a sudden. The orc wizard casts a spell at you.
The magic dart hits you!
You die...

...#......≈≈≈≈≈≈
#.......g.≈≈≈≈≈≈
...####....≈≈≈≈≈
##.###.......≈≈≈
#.............≈
#.#..#g#.......
.....#gZ#...5.
...#..##Y#....?
...#. #♣######
#. ## #o#


oY# SoS/ ..... ....... ......<. .......... You could see 2 ice beasts, a gnoll
sergeant, an orc priest, an orc wizard, a gnoll, 2 adders, an orc and an adder
skeleton.

Vanquished Creatures
  A wight (D:5)
  2 orc priests
  3 orc wizards
  Jessica (D:3)
  A worker ant (D:4)
  Natasha (D:4)
  Terence (D:2)
  9 mummies
  6 gnolls
  3 adders
  3 worms
  A dart slug (D:1)
  A leopard gecko (D:3)
  4 orcs
  11 bats
  A giant cockroach (D:3)
  A gnoll zombie (Ossuary)
  4 goblins
  5 hobgoblins
  8 jackals
  4 quokkas
  2 frilled lizards
  10 kobolds
  3 kobold zombies (Ossuary)
  5 orc zombies
  7 rats
98 creatures vanquished.

Vanquished Creatures (others)
  A goblin (D:3)
1 creature vanquished.

Grand Total: 99 creatures vanquished

Notes
Turn   | Place    | Note
-------+----------+-------------------------------------------
     0 | D:1      | Henning the Minotaur Fighter began the quest for the Orb.
     0 | D:1      | Reached XP level 1. HP: 19/19 MP: 0/0
   248 | D:1      | Reached XP level 2. HP: 27/27 MP: 1/1
   526 | D:1      | Reached skill level 1 in Dodging
   602 | D:2      | Reached XP level 3. HP: 33/33 MP: 2/2
   894 | D:2      | Reached XP level 4. HP: 21/40 MP: 3/3
  1242 | D:2      | Noticed Terence
  1261 | D:2      | Killed Terence
  1567 | D:3      | Reached XP level 5. HP: 35/47 MP: 4/4
  1821 | D:3      | Noticed Jessica
  1828 | D:3      | Killed Jessica
  2100 | D:3      | Found a stormy altar of Qazlal.
  2115 | D:3      | Reached XP level 6. HP: 55/55 MP: 5/5
  2271 | D:3      | Found a sacrificial altar of Ru.
  2272 | D:3      | Found a shimmering altar of Xom.
  2391 | D:4      | Reached skill level 5 in Armour
  2391 | D:4      | Reached skill level 5 in Shields
  2432 | D:4      | Found a sand-covered staircase.
  2435 | D:4      | Reached skill level 5 in Fighting
  2439 | Ossuary  | Entered an ossuary
  2877 | D:4      | Noticed Natasha
  2888 | D:4      | Killed Natasha
  2971 | D:5      | Entered Level 5 of the Dungeon
  2985 | D:5      | Noticed an ice beast
  2996 | D:5      | Gained mutation: You are occasionally teleported next to monsters. [potion of mutation]
  2996 | D:5      | Gained mutation: Your natural rate of healing is unusually fast. [potion of mutation]
  3005 | D:5      | Reached XP level 7. HP: 43/61 MP: 6/6
  3019 | D:5      | HP: 3/91 [gnoll sergeant/spear of freezing (6)]
  3023 | D:5      | Killed from afar by an orc wizard

Skill      XL: |  1  2  3  4  5  6 |
---------------+-------------------+-----
Fighting       | 4 5 |  5.4
Dodging        | 1 2 3 |  3.4
Shields        | 4 5 |  5.4
Armour         | 4 5 |  5.4
Axes           | 3 4 |  4.7

Action                   |  1- 3 |  4- 6 |  7- 9 || total
-------------------------+-------+-------+-------++-------
Melee: War axe           |    88 |   214 |     9 ||   311
       Headbutt          |     7 |    40 |       ||    47
  Use: Potion            |       |     6 |     4 ||    10
       Scroll            |       |     5 |       ||     5
  Eat: Chunk             |       |     7 |       ||     7
Armor: Chain mail        |    54 |   122 |       ||   176
       Skin              |       |    13 |    34 ||    47
Dodge: Dodged            |    22 |    57 |     2 ||    81
Block: Shield            |    60 |   160 |    12 ||   232
       Reflection        |       |     3 |       ||     3
